 Dungeon Crawl Stone Soup version 0.14-a0-1036-g6cac21b (webtiles) character file.

133045 MackTheKnife the Imperceptible (level 15, -6/74 HPs)
             Began as a Felid Berserker on Nov 24, 2013.
             Was a Priest of Trog.
             Killed from afar by a hellion (24 damage)
             ... with a burst of hellfire
             ... in Pandemonium.
             The game lasted 02:50:25 (46089 turns).

MackTheKnife the Imperceptible (Felid Berserker)   Turns: 46089, Time: 02:50:25

HP  -6/74        AC 11     Str 11      XL: 15   Next: 44%
MP  33/33        EV 35     Int  9      God: Trog [***...]
Gold 458         SH  0     Dex 21      Spells:  0 memorised, 14 levels left
Lives: 0, deaths: 5

Res.Fire  : + . .   See Invis. : +     - Unarmed
Res.Cold  : + + .   Warding    : .   (armour unavailable)
Life Prot.: . . .   Conserve   : .   (shield unavailable)
Res.Poison: +       Res.Corr.  : .   (helmet unavailable)
Res.Elec. : +       Clarity    : .   (cloak unavailable)
Sust.Abil.: . .     Spirit.Shd : .   (gloves unavailable)
Res.Mut.  : +       Stasis     : .   (boots unavailable)
Res.Rott. : .       Flight     : .   r - amulet of resist mutation
Saprovore : . . .                    y - +4 ring of protection
                                     t - ring of regeneration

@: regenerating, quick, extraordinarily resistant to hostile enchantments,
incredibly stealthy
A: paw claws, no armour, no advanced items, fangs 3, rough black scales 1, see
invisible, carnivore 3, deformed body, speed 1, shaggy fur 3, slow metabolism 1,
spit poison 1, weak 1, jump 3
a: Jump Attack, Spit Poison, Burn Spellbooks, Berserk, Trog's Hand, Renounce
Religion
}: 3/15 runes: decaying, serpentine, glowing


You were in Pandemonium.
You worshipped Trog.
Trog was most pleased with you.
You were not hungry.

You visited 6 branches of the dungeon, and saw 44 of its levels.
You visited Pandemonium 1 time, and saw 7 of its levels.
You also visited: Ice Cave and Volcano.

You collected 3647 gold pieces.
You spent 3189 gold pieces at shops.


Innate Abilities, Weirdness & Mutations

You cannot wear armour.
You are incapable of any advanced item manipulation.
Your paws have sharp claws.
You have razor-sharp teeth.
You have supernaturally acute eyesight.
You are carnivorous and can eat meat at any time.
You cover ground quickly.
Your thick and shaggy fur keeps you warm (AC +3, rC+).
You have a slow metabolism.
You can jump attack at a long distance.
You are partially covered in rough black scales (AC +4, Dex -1).
Your body is misshapen.
You can spit poison.
You are weak. (Str -2)


   Skills:
 - Level 15.5 Fighting
 - Level 16.6 Dodging
 + Level 21.3 Stealth
 - Level 15.0 Unarmed Combat
 - Level 14.7 Evocations


You had 14 spell levels left.
You didn't know any spells.

Inventory:

Comestibles
 c - 3 meat rations
 A - 2 sausages
 H - a cheese
Scrolls
 n - 2 scrolls of remove curse
 N - 2 scrolls of identify
Jewellery
 e - an uncursed ring of sustain abilities
 i - an uncursed ring of protection from cold
 r - an amulet of resist mutation (around neck)
 t - a ring of regeneration (left paw)
 y - a +4 ring of protection (right paw)
 F - an uncursed ring of protection from magic
 G - an uncursed ring of protection from fire
 M - an uncursed ring of poison resistance
Potions
 d - a potion of berserk rage
 j - 3 potions of restore abilities
 s - 4 potions of curing
 B - 3 potions of might
Miscellaneous
 a - a lamp of fire (inert)
 b - a lamp of fire (inert)
 f - a lamp of fire (inert)
 g - a phial of floods (inert)
 h - a box of beasts
 k - a box of beasts
 L - a box of beasts

▒▒▒▒▒·▒▒ ··· ▒▒·▒··▒····· ▒
▒·▒ ··▒······▒·······▒▒▒▒
▒▒▒▒▒·▒▒▒ ·▒······▒·······▒
········· ····1···········[1·▒
···············)·····▒·······▒
·▒▒▒···▒▒▒····▒······▒▒·▒··▒▒▒
·▒ ··▒ ▒····▒······▒▒·▒·· ·▒ ▒
▒················· ·▒
▒····▒·h▒ ··▒·· ·▒ ···▒··▒
······ ·▒ ▒▒·▒·4▒ ··▒·▒ ·▒
▒···24▒ ▒▒▒▒·▒·▒▒·▒
·▒▒▒▒▒▒▒▒▒▒▒···Q·▒▒▒·······###
······4·········R······R###···
·················#···········
··················#··2·······
···▒▒▒▒▒▒▒▒▒▒·····▒▒▒▒▒·▒▒▒··


You could see a Shadow Fiend, a sixfirhy, a hellion, an efreet, a red devil and
a friendly chimera (polar bear, polar bear, rat).


Message History

Unknown command.
Evoke which item? (* to show all) (? for menu, Esc to quit)
You open the lid... ...and something leaps out!
Your chimera's polar bear head growls angrily.
The sixfirhy misses you. The sixfirhy completely misses you.
Drink which item? (? for menu, Esc to quit)
You feel better. The sixfirhy misses you.
The sixfirhy hits you but does no damage.
The red devil completely misses you.
Your chimera (polar bear, polar bear, rat) bites the red devil!
Unknown command.
Use which ability? (? or * to list)
Your skin crawls.
You feel resistant to hostile enchantments.
You feel slightly more hungry.
The Shadow Fiend roars!
Your chimera (polar bear, polar bear, rat) bites the red devil!
The red devil hits your chimera (polar bear, polar bear, rat) with a trident!
The Shadow Fiend calls on the powers of darkness!
Your body is wracked with pain!
* * * LOW HITPOINT WARNING * * *
Unknown command.
Evoke which item? (* to show all) (? for menu, Esc to quit)
Okay, then.
Unknown command.
The hellion gestures at you.
The hellfire explodes!
The burst of hellfire engulfs you!
One of your 3 scrolls of remove curse catches fire!
You die...

Action                   |  1- 3 |  4- 6 |  7- 9 | 10-12 | 13-15 | 16-18 || total
-------------------------+-------+-------+-------+-------+-------+-------++-------
Melee: Unarmed           |   114 |   109 |   435 |   858 |  2899 |   150 ||  4565
Invok: Berserk           |     2 |     7 |    20 |    25 |    69 |     7 ||   130
       Trog's Hand       |       |       |     3 |     5 |    48 |     3 ||    59
       Brothers in Arms  |       |       |     6 |    16 |    38 |     1 ||    61
       Burn Spellbooks   |       |       |     2 |     3 |     9 |       ||    14
 Abil: Jump Attack       |       |     1 |       |       |       |       ||     1
       Spit Poison       |       |       |       |     1 |     6 |       ||     7
Evoke: box of beasts     |       |       |       |     4 |     5 |       ||     9
       phial of floods   |       |       |       |       |     9 |       ||     9
       lamp of fire      |       |       |       |       |    12 |     2 ||    14
       sack of spiders   |       |       |       |       |    13 |     1 ||    14
  Use: Scroll            |     3 |    11 |    15 |    15 |    36 |     2 ||    82
       Potion            |       |     1 |     5 |     4 |    30 |     9 ||    49
 Stab: Sleeping          |     5 |     9 |    24 |    34 |    99 |       ||   171
       Distracted        |       |     1 |     3 |     7 |    21 |     2 ||    34
       Fleeing           |       |       |       |     1 |     4 |       ||     5
       Held in net/web   |       |       |       |       |     3 |       ||     3

Vault maps used:
D:1:      minmay_entry_four_circles, minmay_bisected
D:3:      corexii_corridor_pit, uniq_crazy_yiuf_cottage
D:5:      first_bread, serial_shops, shop
D:6:      serial_shops, shop
D:7:      minmay_temple_entry_glass, the_bakery, kb_rosetta
D:8:      erik_lair_boring, serial_shops, shop, st_stairs_7,
          jmf_multi_god_temple
D:9:      gammafunk_temple_overflow_statue
D:11:     zombieorc1_lemuel
D:12:     basic_altar, nicolae_the_rest_of_me, uniq_grum
D:15:     erik_vaults_1, serial_shops, bzr_entry_islet, serial_glass,
          glass_columns_b, glass_columns_b, dk_noncrumbling_1,
          corexii_checkpoint_a, uniq_maud
D:16:     gammafunk_enter_depths_forms, ashenzari_altar_1, uniq_nessos
Orc:1:    basic_altar, uniq_gastronok
Orc:2:    serial_shops, shop, basic_altar, enter_volcano_4, uniq_fannar
Orc:3:    basic_altar
Orc:4:    grunt_orc_gardens, grunt_orc_garden, grunt_orc_garden,
          grunt_orc_garden, grunt_orc_garden, uniq_joseph
Lair:1:   minmay_lair_oklob_bushes
Lair:2:   kennysheep_rathole
Lair:3:   portal_ice_cave_entry_ice_beasts, st_stairs_9
Lair:4:   minmay_swamp_entry_swarm
Lair:5:   guppyfry_snake_entry_garden
Lair:6:   ice2_lemuel
Lair:7:   slime_altar_1, minmay_stone_trees_medium
Lair:8:   grunt_lair_end_beastmaster
Swamp:3:  swamp_pool4
Swamp:4:  uniq_roxanne
Swamp:5:  swamp, uniq_frances
Snake:1:  special_room
Snake:2:  uniq_donald, uniq_lamia, uniq_azrael
Snake:3:  basic_altar
Snake:5:  snake_pit_salamanders_mu, serial_bayou_pond_c, uniq_nikola
Pan:      evilmike_mini_pan_diamond, evilmike_mini_pan_thingy,
          pan_blood_fountain, pan_blood_fountain_small, rand_demon_5,
          evilmike_mnoleg_eyes, rand_demon_1, grunt_pan_spiral,
          evilmike_mini_pan_thingy
IceCv:    ice_cave_small_giant
Volcano:  volcano_lake
Depths:1: minmay_stepped, hangedman_abyss_or_decor_clamps, grunt_hell_horde,
          serial_shops, shop
Depths:2: hangedman_cross_stitches, minmay_misc_feat_roman, hell_entry
Depths:3: orc_temple, pan_entry, minmay_misc_feat_hallway, enter_trove_3,
          hell_entry, hangedman_decor_peaks_small, lemuel_ice_statue,
          uniq_mennas
Depths:4: minmay_smoke_and_mirrors, abyss_entry, tso_metal_star, hell_entry,
          serial_shops, shop_fountains, shop_statue, minmay_misc_feat_five,
          lemuel_nasty_fountain
Depths:5: grunt_deathspiral_small, rand_demon_pan_entry_8,
          corexii_hall_statues_x, grunt_metal_band, corexii_corridor_pit,
          uniq_jorgrun
Depths:6: evilmike_zot_entry_round, grunt_mini_vestibule, abandoned_shop,
          mu_enter_wizlab_3, grunt_pan_entry_zigzag, abyss_entry,
          kilobyte_mutagenic_chamber, uniq_margery, uniq_jory

Notes
Turn   | Place    | Note
--------------------------------------------------------------
     0 | D:1      | MackTheKnife, the Felid Berserker, began the quest for the Orb.
     0 | D:1      | Reached XP level 1. HP: 10/10 MP: 1/1
    67 | D:1      | Reached skill level 1 in Stealth
   228 | D:1      | Reached XP level 2. HP: 11/14 MP: 2/2
   359 | D:1      | Reached skill level 2 in Stealth
   388 | D:1      | Acquired Trog's second power
   774 | D:1      | Reached XP level 3. HP: 12/18 MP: 4/4
  1484 | D:2      | Reached skill level 3 in Stealth
  1880 | D:3      | Reached skill level 4 in Unarmed Combat
  2234 | D:3      | Reached XP level 4. HP: 21/21 MP: 6/6
  2353 | D:3      | Reached skill level 4 in Stealth
  2375 | D:3      | Noticed Crazy Yiuf
  2383 | D:3      | Killed Crazy Yiuf
  2576 | D:3      | Reached XP level 5. HP: 24/24 MP: 7/7
  2600 | D:3      | HP: 1/24 [gnoll/halberd (7)]
  2605 | D:3      | Slain by a gnoll
  2606 | D:3      | Reached XP level 4. HP: -3/21 MP: 6/6
  2698 | D:4      | Reached skill level 5 in Stealth
  2698 | D:4      | Reached skill level 5 in Unarmed Combat
  2823 | D:4      | Reached XP level 5. HP: 24/24 MP: 7/7
  3053 | D:4      | Noticed an ogre
  3393 | D:4      | Noticed an ogre
  3416 | D:4      | Killed an ogre
  3416 | D:4      | Reached skill level 6 in Stealth
  3416 | D:4      | Gained mutation: You are covered in thick fur (AC +2). [growing up]
  3416 | D:4      | Gained mutation: You can jump attack at a medium distance. [growing up]
  3416 | D:4      | Reached XP level 6. HP: 28/28 MP: 9/9
  3507 | D:4      | Killed an ogre
  3649 | D:5      | Entered Level 5 of the Dungeon
  3657 | D:5      | Reached skill level 5 in Dodging
  3774 | D:5      | Acquired Trog's third power
  3843 | D:5      | Reached skill level 6 in Unarmed Combat
  3870 | D:5      | Found Luqike's Gadget Emporium.
  4339 | D:5      | Reached skill level 7 in Stealth
  4339 | D:5      | Reached XP level 7. HP: 31/31 MP: 11/11
  4619 | D:6      | Found Achafaig's General Store.
  4823 | D:6      | HP: 2/31 [spore (29)]
  5290 | D:5      | Reached skill level 6 in Dodging
  5591 | D:6      | Reached skill level 8 in Stealth
  5704 | D:6      | Reached XP level 8. HP: 36/36 MP: 12/12
  5999 | D:6      | Reached skill level 7 in Dodging
  6187 | D:6      | Reached skill level 7 in Unarmed Combat
  6743 | D:6      | Bought an uncursed ring of regeneration for 300 gold pieces
  6777 | D:7      | Reached skill level 9 in Stealth
  6875 | D:7      | Found a staircase to the Ecumenical Temple.
  6946 | D:7      | Reached skill level 8 in Dodging
  7057 | D:7      | Noticed a hill giant
  7082 | D:7      | Killed a hill giant
  7082 | D:7      | Reached skill level 10 in Stealth
  7082 | D:7      | Reached skill level 8 in Unarmed Combat
  7144 | D:7      | Reached XP level 9. HP: 37/39 MP: 14/14
  7325 | D:7      | Noticed a spriggan baker
  7333 | D:7      | Killed a spriggan baker
  7333 | D:7      | Reached skill level 9 in Dodging
  7557 | D:8      | Found Roypaopp's Assorted Antiques.
  7724 | D:8      | Noticed a red wasp
  7738 | D:8      | Found a bloodstained altar of Trog.
  7738 | D:8      | Found a white marble altar of Elyvilon.
  7753 | D:8      | Reached skill level 11 in Stealth
  7754 | D:8      | Noticed a griffon
  7797 | D:8      | Paralysed by a red wasp for 2 turns
  7806 | D:8      | Paralysed by a red wasp for 1 turns
  7811 | D:8      | Paralysed by a red wasp for 2 turns
  7812 | D:8      | Slain by a red wasp
  7813 | D:8      | Reached XP level 8. HP: -1/36 MP: 12/12
  8132 | D:8      | Found a staircase to the Lair.
  8323 | D:9      | Reached skill level 10 in Dodging
  8638 | D:9      | Reached skill level 9 in Unarmed Combat
  8655 | D:9      | Noticed thfral's ghost (experienced GrEE)
  8833 | D:9      | Reached XP level 9. HP: 39/39 MP: 14/14
  9069 | D:9      | Killed thfral's ghost
  9069 | D:9      | Reached skill level 4 in Fighting
  9138 | D:9      | Found a shimmering altar of Xom.
  9139 | D:9      | Found a radiant altar of Vehumet.
  9207 | D:9      | Reached skill level 5 in Fighting
  9435 | D:10     | Entered Level 10 of the Dungeon
  9455 | D:10     | Noticed an unseen horror
  9511 | D:10     | Reached skill level 6 in Fighting
  9590 | D:10     | HP: 6/60 [orc priest/divine providence (12)]
  9949 | D:10     | Noticed an unseen horror
  9960 | D:10     | Killed an unseen horror
  9960 | D:10     | Reached skill level 7 in Fighting
  9960 | D:10     | Reached XP level 10. HP: 46/46 MP: 16/16
 10214 | D:9      | Reached skill level 8 in Fighting
 10279 | Lair:1   | Entered Level 1 of the Lair of Beasts
 10439 | Lair:1   | Gained mutation: You can spit poison. [potion of beneficial mutation]
 10637 | Lair:1   | Noticed an oklob plant
 10741 | Lair:1   | Reached skill level 9 in Fighting
 11440 | Lair:2   | Noticed an eight-headed hydra
 11472 | Lair:2   | Noticed a black mamba
 11483 | Lair:2   | Killed a black mamba
 11598 | Lair:2   | Reached skill level 10 in Fighting
 11916 | Lair:2   | Reached skill level 12 in Stealth
 12302 | Lair:2   | Reached XP level 11. HP: 50/51 MP: 17/17
 12431 | Lair:2   | Reached skill level 11 in Dodging
 12878 | Lair:3   | Found a frozen archway.
 12960 | IceCv    | Entered an ice cave
 12970 | IceCv    | Reached skill level 10 in Unarmed Combat
 13018 | IceCv    | Reached skill level 13 in Stealth
 13270 | IceCv    | Noticed an ice statue
 13474 | IceCv    | Killed an ice statue
 13543 | IceCv    | Reached skill level 12 in Dodging
 13722 | IceCv    | Noticed a frost giant
 13746 | IceCv    | Killed a frost giant
 14145 | Lair:3   | Reached skill level 14 in Stealth
 14183 | Lair:3   | Reached skill level 11 in Unarmed Combat
 14510 | Lair:3   | Gained mutation: Your thick and shaggy fur keeps you warm (AC +3, rC+). [growing up]
 14510 | Lair:3   | Gained mutation: You can jump attack at a long distance. [growing up]
 14510 | Lair:3   | Reached XP level 12. HP: 56/56 MP: 18/18
 14953 | Lair:4   | Reached skill level 13 in Dodging
 15109 | Lair:4   | Found a staircase to the Swamp.
 15951 | Lair:5   | Reached skill level 15 in Stealth
 16081 | Lair:5   | Found a staircase to the Snake Pit.
 16263 | Lair:6   | Reached skill level 14 in Dodging
 16343 | Lair:6   | Noticed a five-headed hydra
 16659 | Lair:6   | Reached skill level 1 in Evocations
 16701 | Lair:6   | Reached skill level 2 in Evocations
 16795 | Lair:6   | Reached skill level 3 in Evocations
 17159 | Lair:7   | Reached skill level 4 in Evocations
 17276 | Lair:7   | Reached skill level 5 in Evocations
 17351 | Lair:7   | Found a staircase to the Slime Pits.
 17351 | Lair:7   | Found a viscous altar of Jiyva.
 17507 | Lair:7   | Reached skill level 6 in Evocations
 17698 | Lair:7   | Noticed an eight-headed hydra
 17801 | Lair:7   | Reached skill level 7 in Evocations
 17801 | Lair:7   | Reached XP level 13. HP: 60/60 MP: 27/27
 17929 | Lair:8   | Entered Level 8 of the Lair of Beasts
 17990 | Lair:8   | Reached skill level 8 in Evocations
 18685 | Lair:8   | Reached skill level 11 in Fighting
 18944 | Lair:8   | Reached skill level 12 in Fighting
 18954 | Lair:8   | Noticed a dire elephant
 18962 | Lair:8   | Killed a dire elephant
 19609 | D:10     | Noticed a hill giant
 19618 | D:10     | Killed a hill giant
 19905 | D:11     | Found a staircase to the Orcish Mines.
 20090 | D:11     | Paralysed by a giant eyeball for 2 turns
 20396 | D:11     | Reached skill level 13 in Fighting
 20577 | Orc:1    | Entered Level 1 of the Orcish Mines
 20614 | Orc:1    | Found a glowing golden altar of the Shining One.
 20678 | Orc:1    | Noticed Gastronok
 20696 | Orc:1    | Killed Gastronok
 20866 | Orc:2    | Noticed Fannar
 20874 | Orc:2    | Killed Fannar
 20874 | Orc:2    | Reached skill level 12 in Unarmed Combat
 20958 | Orc:2    | Found Tranasux's Gadget Emporium.
 21109 | Orc:2    | Found a dark tunnel.
 21116 | Volcano  | Entered a volcano
 21295 | Volcano  | Found a bloodstained altar of Trog.
 21455 | Volcano  | Identified a scroll of acquirement
 21696 | Orc:2    | Found an iron altar of Okawaru.
 22229 | Orc:4    | Entered Level 4 of the Orcish Mines
 22351 | Orc:4    | Found Kezerhyv's Antique Armour Shoppe.
 22543 | Orc:4    | Noticed Joseph
 22547 | Orc:4    | Found Blogg's Antique Weapon Shop.
 22550 | Orc:4    | Killed Joseph
 22632 | Orc:4    | Found Rackaez's Jewellery Boutique.
 22635 | Orc:4    | Reached XP level 14. HP: 67/67 MP: 28/28
 22679 | Orc:4    | Found a staircase to the Elven Halls.
 22766 | Orc:4    | Reached skill level 15 in Dodging
 22813 | Orc:4    | Found Weeferaal's General Store.
 22845 | Orc:4    | Noticed an orc warlord
 22853 | Orc:4    | Killed an orc warlord
 23017 | Orc:4    | Bought a potion of agility for 37 gold pieces
 23017 | Orc:4    | Bought a scroll of magic mapping for 52 gold pieces
 23680 | D:12     | Found a radiant altar of Vehumet.
 23855 | D:12     | Noticed Grum
 23926 | D:12     | Reached skill level 13 in Unarmed Combat
 23931 | D:12     | Killed Grum
 24077 | D:12     | Got a transparent lead ring
 24335 | D:13     | Bastard: you can't command berserked allies to attack specific targets
 24336 | D:13     | Bastard: the select which is nearest
 24336 | D:13     | MackTheKnife: oh
 24336 | D:13     | MackTheKnife: protip
 24552 | D:13     | Reached skill level 16 in Dodging
 25401 | D:14     | Bastard: antimagic-branded UC
 25604 | D:14     | Identified the ring of Moderation {+cTele Acc+3} (You found it on level 12 of the Dungeon)
 25887 | D:15     | Entered Level 15 of the Dungeon
 25927 | D:15     | Noticed Maud
 25963 | D:15     | Found a flickering gateway to a bazaar.
 25969 | D:15     | the flickering gateway to a bazaar was a mimic.
 25971 | D:15     | Bastard: oh wow
 25971 | D:15     | MackTheKnife: ......
 26001 | D:15     | Found a gate to the Vaults.
 26007 | D:15     | MackTheKnife: ffff
 26007 | D:15     | MackTheKnife: aurrk
 26078 | D:15     | Killed Maud
 26098 | D:15     | Bastard: might wanna exclude that square
 26100 | D:15     | Bastard: below vaults entrance, too
 26100 | D:15     | MackTheKnife: which one?
 26100 | D:15     | MackTheKnife: ah
 26100 | D:15     | Bastard: has another animated weapon
 26144 | D:15     | Bastard: yeah
 26761 | D:16     | Entered Level 16 of the Dungeon
 27057 | D:16     | MackTheKnife: what's the deal with those scrolls?
 27403 | D:16     | Reached skill level 14 in Unarmed Combat
 27606 | D:16     | Found a shattered altar of Ashenzari.
 27740 | D:16     | Noticed Nessos
 27901 | D:16     | Reached skill level 16 in Stealth
 27908 | D:16     | Found a staircase to the Depths.
 28384 | Swamp:1  | Entered Level 1 of the Swamp
 28457 | Snake:1  | Entered Level 1 of the Snake Pit
 28785 | Snake:1  | Bastard: might be EA/curse armor scrolls
 28787 | Snake:1  | MackTheKnife: no I mean, why are scrolls of vulnerability autopickup by default?
 28787 | Snake:1  | MackTheKnife: do they have some kinda use?
 29364 | Snake:1  | Reached XP level 15. HP: 71/71 MP: 29/29
 29555 | Snake:2  | Noticed Donald
 29562 | Snake:2  | Killed Donald
 29604 | Snake:2  | MackTheKnife: gotten ring of fire and ring of protection from cold from Acq this game
 29784 | Snake:2  | Noticed Lamia
 29811 | Snake:2  | Noticed Azrael
 29842 | Snake:2  | Killed Azrael
 30181 | Snake:3  | Found a radiant altar of Vehumet.
 30555 | Snake:3  | Reached skill level 17 in Stealth
 30832 | Snake:3  | Noticed MackTheKnife's ghost (mighty DrTm)
 31743 | Swamp:1  | Reached skill level 15 in Unarmed Combat
 31750 | Swamp:1  | HP: 4/71 [alligator (23)]
 31750 | Swamp:1  | Slain by an alligator
 31751 | Swamp:1  | Reached XP level 14. HP: -1/67 MP: 28/28
 31751 | Swamp:1  | MackTheKnife: woah nelly
 31751 | Swamp:1  | MackTheKnife: good thing this thing has extra lives
 31751 | Swamp:1  | MackTheKnife: tabcat
 31981 | Swamp:1  | Bastard: remember to suicide at the orb
 31998 | Swamp:1  | Bastard: eat the corpse
 32002 | Swamp:1  | Bastard: aww
 32002 | Swamp:1  | MackTheKnife: 2laye
 32002 | Swamp:1  | MackTheKnife: te
 32064 | Swamp:1  | Bastard: mut roulette time
 32066 | Swamp:1  | MackTheKnife: no way josé
 32066 | Swamp:1  | MackTheKnife: got psn spit
 32127 | Swamp:2  | Bastard: which means you could get pcloud breath
 32160 | Swamp:2  | Gained mutation: You are partially covered in rough black scales (AC +4, Dex -1). [potion of mutation]
 32161 | Swamp:2  | MackTheKnife: sweet
 33308 | Swamp:3  | Reached skill level 14 in Fighting
 33979 | Orc:2    | Bought a lamp of fire for 1400 gold pieces
 33979 | Orc:2    | Bought a lamp of fire for 1400 gold pieces
 35361 | Snake:5  | Entered Level 5 of the Snake Pit
 35361 | Snake:5  | Noticed nubinia's ghost (mighty DsNe)
 35422 | Snake:5  | MackTheKnife: argh
 35422 | Snake:5  | MackTheKnife: this layout is the worst for ninjaing
 35432 | Snake:5  | Reached XP level 15. HP: 73/73 MP: 29/29
 35445 | Snake:5  | Bastard: and by "layout" you mean "snake"
 35477 | Snake:5  | MackTheKnife: "branch ending"
 35477 | Snake:5  | MackTheKnife: :)
 35477 | Snake:5  | MackTheKnife: Gauntlet with dangerous stuff
 35477 | Snake:5  | MackTheKnife: there's a pretty easy one where you can dig your way to the rune, pretty much
 35541 | Snake:5  | Bastard: i just hate snake
 35556 | Snake:5  | Reached skill level 15 in Fighting
 35589 | Snake:5  | Bastard: MR immune enemies, sInv everywhere, poison and arrows everywhere
 35720 | Snake:5  | Bastard: and lamia
 35723 | Snake:5  | MackTheKnife: yep
 35723 | Snake:5  | MackTheKnife: but I prefer it over swamp
 35723 | Snake:5  | MackTheKnife: which I _really_ dislike
 35738 | Snake:5  | Bastard: eh
 35739 | Snake:5  | Bastard: swamp a shit
 35764 | Snake:5  | Bastard: really all lair runes are horrible and unfun
 35774 | Snake:5  | Killed nubinia's ghost
 35777 | Snake:5  | MackTheKnife: yep
 36081 | Snake:5  | Bastard: shoals is pretty much the best
 36097 | Snake:5  | Bastard: and it is laggy as hell on webtiles sometimes
 36184 | Snake:5  | Bastard: spider has the shittiest branch ends; snake is stabber's bane; swamp is just boring and shit
 36397 | Snake:5  | MackTheKnife: oh yeah, spider..ugh
 36397 | Snake:5  | MackTheKnife: orb spiders as melee char
 36397 | Snake:5  | MackTheKnife: kill me
 36405 | Snake:5  | Bastard: "oh hey here's a loop around the rune oh that's it"
 36702 | Snake:5  | Bastard: whoa mate you'd better grab that beast box
 36847 | Snake:5  | MackTheKnife: thanks
 36847 | Snake:5  | MackTheKnife: missed it
 36887 | Snake:5  | Bastard: at 27 EVO you will be the happiest man alive
 36908 | Snake:5  | Bastard: oh it's lavarune layout, eugh
 36908 | Snake:5  | MackTheKnife: yep.
 36945 | Snake:5  | MackTheKnife: splat incoming
 37201 | Snake:5  | MackTheKnife: greater nagas
 37201 | Snake:5  | MackTheKnife: are such a pain
 37201 | Snake:5  | Bastard: MR FUCKING IMMUNE
 37232 | Snake:5  | Reached skill level 9 in Evocations
 37247 | Snake:5  | HP: 3/74 [salamander/arrow of flame (16)]
 37249 | Snake:5  | Shot with an arrow of flame by a salamander
 37250 | Snake:5  | Reached XP level 14. HP: -5/70 MP: 29/29
 37250 | Snake:5  | MackTheKnife: fff
 37250 | Snake:5  | MackTheKnife: fuck this ending, fuck this stupid species
 37250 | Snake:5  | MackTheKnife: guess it's either swamp or depths
 37250 | Snake:5  | MackTheKnife: because this isnt working
 37643 | Snake:5  | Reached skill level 10 in Evocations
 38285 | Snake:5  | Reached skill level 11 in Evocations
 38860 | Snake:5  | Reached skill level 12 in Evocations
 39032 | Snake:5  | Bastard: seems to be working so far
 39034 | Snake:5  | MackTheKnife: sort of
 39035 | Snake:5  | Bastard: have fun with guardian serpents, though
 39071 | Snake:5  | Noticed Nikola
 39075 | Snake:5  | MackTheKnife: ...
 39075 | Snake:5  | MackTheKnife: why
 39075 | Snake:5  | MackTheKnife: Nikola you douchebag
 39283 | Snake:5  | Reached XP level 15. HP: 74/74 MP: 32/32
 39336 | Snake:5  | Bastard: dat piety burn
 39349 | Snake:5  | Reached skill level 13 in Evocations
 39540 | Snake:5  | MackTheKnife: woah woah
 39540 | Snake:5  | MackTheKnife: the new teleport thing
 39540 | Snake:5  | MackTheKnife: DEEEVS
 39925 | Snake:5  | MackTheKnife: ....
 39925 | Snake:5  | MackTheKnife: seriously
 39925 | Snake:5  | MackTheKnife: why does every enemy
 39925 | Snake:5  | MackTheKnife: have to have these stupid "summon entire level" spells?
 40044 | Snake:5  | Killed Nikola
 40044 | Snake:5  | Reached skill level 14 in Evocations
 40395 | Snake:5  | Bastard: because it encourages dynamic strategies!
 40504 | Snake:5  | Bastard: or some other stupid answer
 40588 | Snake:5  | MackTheKnife: brb tele
 40657 | Snake:5  | Got a serpentine rune of Zot
 40658 | Snake:5  | Bastard: gj
 40658 | Snake:5  | MackTheKnife: tyty
 40658 | Snake:5  | MackTheKnife: this is suffering
 41184 | Swamp:4  | Bastard: i bet hive was more fun than swamp ever will be
 41195 | Swamp:4  | MackTheKnife: hive?
 41372 | Swamp:4  | Bastard: it was a branch filled with nothing but bees
 41377 | Swamp:4  | Bastard: bees, bee queens, bee larvae
 41377 | Swamp:4  | MackTheKnife: how horrible
 41381 | Swamp:4  | Bastard: honeycombs and royal jellies
 41381 | Swamp:4  | MackTheKnife: considering diving for the rune
 41381 | Swamp:4  | MackTheKnife: I hate this place
 41433 | Swamp:5  | Entered Level 5 of the Swamp
 41434 | Swamp:5  | Bastard: i always dive on swamp
 41436 | Swamp:4  | Bastard: it's never worth the stay
 41449 | Swamp:4  | Bastard: oh hey, might be the lerny ending
 41468 | Swamp:5  | MackTheKnife: fun times
 41468 | Swamp:5  | MackTheKnife: wonder if my 74 HP can survive 27 hits!
 41486 | Swamp:5  | MackTheKnife: oh, this place.
 41486 | Swamp:5  | MackTheKnife: tt
 41486 | Swamp:5  | Bastard: oh lucky
 41486 | Swamp:5  | Bastard: it's not lerny
 41488 | Swamp:5  | Bastard: just durgins and tedium
 41663 | Swamp:4  | Noticed Roxanne
 41752 | Swamp:5  | Noticed Frances
 41802 | Swamp:5  | Reached skill level 18 in Stealth
 41813 | Swamp:5  | Bastard: fr: potions of lignification turn felids and octopodes into felid and octopode topiaries
 41813 | Swamp:5  | MackTheKnife: huh
 41856 | Swamp:5  | Bastard: fr means "feature request"
 41856 | Swamp:5  | MackTheKnife: 31 AC, haha
 41856 | Swamp:5  | MackTheKnife: nice
 41856 | Swamp:5  | MackTheKnife: I see
 41856 | Swamp:5  | Bastard: hells yeah
 41864 | Swamp:5  | Bastard: and plenty melee damage
 41879 | Swamp:5  | Bastard: also rF-
 42191 | Swamp:5  | Got a decaying rune of Zot
 42552 | D:12     | MackTheKnife: time for Depths, wee.
 42690 | D:16     | Bastard: i actually kinda like depths now
 42690 | D:16     | Bastard: it's growing on me
 42690 | D:16     | MackTheKnife: yeah, me too
 42690 | D:16     | MackTheKnife: but this lil' fella
 42690 | D:16     | MackTheKnife: wont last for long
 42748 | Depths:1 | Entered Level 1 of the Depths
 42752 | Depths:1 | Bastard: i am of course opposed to any sort of runelock
 42753 | Depths:1 | MackTheKnife: not runelock anymore
 42753 | Depths:1 | Bastard: but at least it's only on vaults now
 42753 | Depths:1 | MackTheKnife: oh
 42753 | Depths:1 | MackTheKnife: I see
 42761 | Depths:1 | Bastard: it's a stupid idea
 42917 | Depths:1 | MackTheKnife: yep
 42917 | Depths:1 | Bastard: fostered only by dpeg and galehar (?)
 43002 | Depths:1 | MackTheKnife: hm
 43002 | Depths:1 | MackTheKnife: dont think this guy will make it
 43002 | Depths:1 | MackTheKnife: thinking of diving to an abyss gate
 43002 | Depths:1 | MackTheKnife: getting that
 43002 | Depths:1 | MackTheKnife: then ninja zot
 43002 | Depths:1 | Bastard: if you could pull that off
 43002 | Depths:1 | Bastard: that would be cool as hell
 43406 | Depths:3 | Found a portal to a secret trove of treasure.
 43456 | Depths:3 | Bastard: ded
 43458 | Depths:4 | MackTheKnife: nope
 43620 | Depths:4 | Found a gateway to Hell.
 43622 | Depths:4 | MackTheKnife: !HW solves everything..!
 43631 | Depths:4 | Bastard: clearly you should ninja Cocytus
 43636 | Depths:4 | Reached skill level 19 in Stealth
 43662 | Depths:4 | MackTheKnife: hahaha
 43674 | Depths:4 | Found Enonn's Book Emporium.
 43816 | Depths:4 | Found Iliba's Book Emporium.
 43960 | Depths:5 | MackTheKnife: !!
 44066 | Depths:5 | Noticed a shadow dragon
 44066 | Depths:5 | Noticed a tengu reaver
 44066 | Depths:5 | Noticed a shadow dragon
 44137 | Depths:6 | Entered Level 6 of the Depths
 44137 | Depths:6 | Noticed a storm dragon
 44223 | Depths:6 | Reached XP level 16. HP: 79/79 MP: 34/34
 44224 | Depths:6 | Found a one-way gate leading to the halls of Pandemonium.
 44252 | Depths:6 | MackTheKnife: guess Ill go for a pan rune
 44255 | Pan      | Entered Pandemonium
 44392 | Pan      | Noticed a Hell Sentinel
 44410 | Pan      | Noticed Truqi the pandemonium lord
 44459 | Pan      | Reached skill level 20 in Stealth
 44578 | Pan      | Noticed an Ice Fiend
 44585 | Pan      | Bastard: HAHA
 44631 | Pan      | Bastard: i'm sorry this is funny as hell
 44633 | Pan      | Bastard: of all the enemy sets
 44637 | Pan      | Entered the realm of Mnoleg.
 44891 | Pan      | Bastard: you need to be using jump attack all the time for maximum style
 44892 | Pan      | MackTheKnife: haha
 45111 | Pan      | Noticed Mnoleg
 45216 | Pan      | Noticed a tentacled monstrosity
 45261 | Pan      | Noticed a tentacled monstrosity
 45262 | Pan      | Noticed a tentacled monstrosity
 45270 | Pan      | Noticed a tentacled monstrosity
 45276 | Pan      | Noticed a tentacled monstrosity
 45289 | Pan      | Got a glowing rune of Zot
 45293 | Pan      | Noticed a tentacled monstrosity
 45296 | Pan      | Gained mutation: You are weak. (Str -2) [a cacodemon]
 45299 | Pan      | Gained mutation: Your body is misshapen. [a cacodemon]
 45304 | Pan      | Noticed a tentacled monstrosity
 45306 | Pan      | HP: 9/118 [tentacled monstrosity (3)]
 45307 | Pan      | Slain by a tentacled monstrosity
 45308 | Pan      | Reached XP level 15. HP: -2/111 MP: 24/33
 45308 | Pan      | MackTheKnife: HAH!
 45308 | Pan      | MackTheKnife: 3/15!
 45372 | Pan      | Reached skill level 21 in Stealth
 45544 | Pan      | Noticed an Ice Fiend
 45555 | Pan      | Killed an Ice Fiend
 45638 | Pan      | Noticed an Executioner
 45741 | Pan      | Bastard: god damnit
 45744 | Pan      | Bastard: missed it
 45744 | Pan      | Bastard: mnoleg's?
 45744 | Pan      | MackTheKnife: yep
 45758 | Pan      | Bastard: out fucking skilled
 45765 | Pan      | Bastard: good job
 45767 | Pan      | MackTheKnife: well, if I dont find a way out soon
 45767 | Pan      | MackTheKnife: executioners will rek me
 46001 | Pan      | Noticed a Shadow Fiend
 46012 | Pan      | Noticed an Executioner
 46015 | Pan      | Noticed Daostere the pandemonium lord
 46033 | Pan      | Bastard: that could have gone worse
 46089 | Pan      | Killed from afar by a hellion

Vanquished Creatures
  The ghost of nubinia the Necromancer, a mighty DsNe of Ashenzari (Snake:5)
  6 cacodemons (Pan)
  Gastronok (Orc:1)
  A stone giant (Depths:1)
  6 greater nagas (Snake:5)
  2 ettins
  4 salamanders (Snake:5)
  Fannar (Orc:2)
  An ogre mage (Depths:4)
  2 yaktaur captains
  8 hydras
  15 anacondas (Snake:5)
  3 alligators
  A rakshasa (D:16)
  3 orc high priests (Orc:4)
  A catoblepas (Lair:8)
  10 naga warriors
  4 centaur warriors
  The ghost of thfral the Geomancer, an experienced GrEE of Ashenzari (D:9)
  A soul eater (Depths:6)
  An unseen horror (D:10)
  A shadow demon (Pan)
  5 large abominations (Pan)
  5 swamp dragons
  A necromancer (Depths:1)
  A giant amoeba (D:15)
  6 lindwurms
  7 hill giants
  A griffon (Lair:6)
  8 sixfirhies (Pan)
  A stone giant skeleton (Depths:1)
  12 elephants
  2 orc sorcerers
  7 guardian serpents
  12 spiny frogs
  A red wasp (Swamp:2)
  41 black mambas
  2 feature mimics (D:15)
  2 eyes of devastation (Pan)
  5 yaktaurs (Depths:4)
  A hellwing (Orc:4)
  An orange demon (Pan)
  A smoke demon (Pan)
  An iron devil (Depths:6)
  22 naga magi
  A spriggan (D:7)
  8 polar bears
  2 komodo dragons
  24 blink frogs
  4 giant leeches
  4 trolls
  4 two-headed ogres
  A catoblepas zombie (D:12)
  A raven (Swamp:4)
  14 slime creatures
  11 bog bodies
  2 ettin zombies (Depths:1)
  2 wraiths
  3 trapdoor spiders
  4 basilisks
  4 wyverns
  A vampire (D:16)
  2 grizzly bears (Lair:8)
  2 fire dragon skeletons
  2 hill giant zombies (D:11)
  52 yaks
  3 ugly things (D:14)
  4 chaos spawn
  2 clay golems (Volcano)
  Grum (D:12)
  A hog (shapeshifter) (D:14)
  4 hungry ghosts
  8 neqoxecs (Pan)
  A human (shapeshifter) (D:16)
  24 swamp worms
  A hell beast (Depths:6)
  36 vampire mosquitoes
  7 hippogriffs
  A mottled dragon (D:14)
  26 wolves
  A soldier ant (D:15)
  9 swamp drakes
  3 sky beasts
  22 orc warriors
  8 porcupines
  36 nagas
  12 centaurs
  4 giant goldfish
  16 ogres
  A black bear (Lair:8)
  9 ice beasts
  A fire bat (Volcano)
  3 phantoms
  A boring beetle (D:8)
  2 big kobolds
  8 crocodiles
  A giant slug (shapeshifter) (Depths:5)
  2 wargs (Orc:4)
  15 water moccasins
  A wyvern zombie (D:13)
  5 giant slugs
  2 brain worms (Pan)
  2 cyclops zombies (D:15)
  A manticore zombie (D:8)
  7 agate snails
  A wyvern skeleton (D:6)
  21 giant frogs
  3 jellyfish
  2 lava fish (Volcano)
  3 troll zombies
  7 insubstantial wisps
  A yak zombie (D:12)
  18 killer bees
  A wight (D:10)
  3 eyes of draining
  3 electric eels (Swamp:2)
  A soldier ant zombie (D:13)
  9 crimson imps
  3 goliath beetles
  2 quasits (Depths:6)
  14 orc priests
  A water moccasin zombie (D:12)
  7 hounds
  Crazy Yiuf (D:3)
  A jelly (D:9)
  15 orc wizards
  4 scorpions
  A two-headed ogre zombie (D:13)
  4 big fish
  5 iguanas
  2 orange rats (Lair:2)
  2 worker ants
  8 sheep (Lair:8)
  2 ogre zombies (D:11)
  An ogre skeleton (D:8)
  5 boggarts (D:16)
  2 mummies
  33 green rats
  28 adders
  7 gnolls
  3 giant centipedes
  2 shadow imps (Depths:6)
  A white imp (Lair:6)
  2 giant mites
  A goliath beetle zombie (D:6)
  3 worms
  An ufetubus (Depths:6)
  An iguana zombie (D:5)
  A scorpion zombie (D:9)
  2 grey rats (Lair:2)
  4 giant eyeballs
  2 oozes
  115 orcs
  17 bats
  A bat skeleton (D:7)
  3 giant cockroaches
  17 goblins
  14 hobgoblins
  25 jackals
  14 kobolds
  5 quokkas
  4 ball pythons
  6 giant geckos
  6 giant newts
  A giant spore (D:6)
  A goblin skeleton (D:11)
  A goblin zombie (D:11)
  3 hobgoblin zombies (D:11)
  4 orc skeletons (D:11)
  10 orc zombies (D:11)
  25 rats
  17 ballistomycetes (D:9)
  A plant (Lair:8)
1192 creatures vanquished.

Vanquished Creatures (collateral kills)
  Nikola (Snake:5)
  An Ice Fiend (Pan)
  A frost giant (IceCv)
  Donald (Snake:2)
  Maud (D:15)
  An orc warlord (Orc:4)
  A cacodemon (Pan)
  2 greater nagas
  A stone giant (Orc:4)
  Azrael (Snake:2)
  A dire elephant (Lair:8)
  2 alligators
  4 hydras
  3 death yaks (Lair:8)
  5 naga warriors
  An orc high priest (Orc:4)
  A deep troll shaman (Lair:8)
  A swamp dragon (Swamp:5)
  An ice statue (IceCv)
  A giant amoeba (D:16)
  A hill giant (D:16)
  Joseph (Orc:4)
  An orc sorcerer (Orc:4)
  A stone giant zombie (D:16)
  2 orc knights
  2 guardian serpents (Snake:5)
  A sixfirhy (Pan)
  4 slime creatures (Swamp:1)
  5 black mambas
  An eye of devastation (Pan)
  2 orange demons (Pan)
  4 naga magi
  A smoke demon (Orc:4)
  8 polar bears (IceCv)
  3 trolls (Orc:4)
  A giant leech (Swamp:3)
  2 blink frogs
  A bog body (Swamp:1)
  15 yaks
  A basilisk (Lair:7)
  An elephant slug (Lair:7)
  5 fire elementals (Snake:2)
  7 vampire mosquitoes
  3 swamp worms
  2 hell hounds (Snake:2)
  5 wolves (IceCv)
  10 orc warriors
  5 ice beasts (Lair:3)
  9 nagas
  A crocodile (Lair:7)
  2 ogres (Orc:4)
  A boring beetle (D:8)
  A brain worm (Pan)
  A water moccasin (Swamp:1)
  7 insubstantial wisps (Swamp:2)
  An agate snail (Lair:6)
  A killer bee (D:7)
  2 eyes of draining (Pan)
  A warg zombie (Orc:4)
  A cyclops simulacrum (D:15)
  4 sheep (Lair:7)
  6 green rats
  7 orcs
171 creatures vanquished.

Vanquished Creatures (others)
  An eldritch tentacle (Pan)
  A stone giant (D:13)
  2 deep trolls
  A hill giant (Snake:2)
  2 guardian serpents (Snake:5)
  A naga mage (Snake:5)
  5 water elementals
  5 two-headed ogres
  3 jumping spiders
  A troll (Snake:3)
  6 fire elementals
  2 grizzly bears
  16 trapdoor spiders
  11 redbacks
  8 ogres
  3 black bears
  3 spiders (Snake:5)
  A shadow imp (Pan)
  2 chimeras
  2 giant spores (D:9)
  69 eldritch tentacle segments (Pan)
  2 fungi
  2 plants
149 creatures vanquished.

Grand Total: 1512 creatures vanquished
